 Dungeon Crawl Stone Soup version 0.30.0-19-g36f170ea60 (webtiles) character file.

Game seed: 13019096496235722102

96 Ijustatesigmund the Conjurer (level 4, -1/29 HPs)
             Began as an Octopode Conjurer on June 1, 2023.
             Slain by Pikel
             ... wielding a +2 whip of freezing
              (3 damage)
             ... on level 3 of the Dungeon.
             The game lasted 00:04:20 (3828 turns).

Ijustatesigmund the Conjurer (Octopode Conjurer)    Turns: 3828, Time: 00:04:20

Health: -1/29      AC:  1    Str:  6    XL:     4   Next: 67%
Magic:  3/8        EV: 13    Int: 22    God:
Gold:   126        SH:  0    Dex: 10    Spells: 5/8 levels left

rFire   . . .        e - +0 war axe (protect)
rCold   . . .        (no shield)
rNeg    . . .        (helmet restricted)
rPois   .            (no amulet)
rElec   .            (no ring)
rCorr   .            (no ring)
SInv    .            (no ring)
Will    .....        (no ring)
Stlth   +++          (no ring)
HPRegen 0.24/turn    (no ring)
MPRegen 0.11/turn    (no ring)
                     (no ring)

%: no passive effects
@: flying
A: almost no armour, amphibious, 8 rings, camouflage 1, gelatinous body 1,
(nimble swimmer 1), tentacles
a: no special abilities


You were on level 3 of the Dungeon.
You visited 1 branch of the dungeon, and saw 4 of its levels.

You collected 126 gold pieces.

Inventory:

Hand Weapons
 e - a +0 war axe of protection (weapon)
Magical Staves
 b - a staff of cold
Scrolls
 f - a scroll of vulnerability {unknown}
 i - 2 scrolls of teleportation
 j - a scroll of fog {unknown}
 m - a scroll of summoning
Potions
 a - a potion of magic
 c - a potion of curing
 d - 2 potions of resistance {unknown}
 g - 2 potions of flight
 h - a potion of mutation {unknown}
 k - 2 potions of heal wounds
 l - a potion of experience {unknown}


   Skills:
 + Level 2.1 Fighting
 + Level 0.2 Axes
 + Level 2.0 Dodging
 - Level 2.6 Stealth
 + Level 2.9 Spellcasting
 + Level 4.6 Conjurations


You had 5 spell levels left.
You knew the following spells:

 Your Spells              Type           Power      Damage    Failure   Level
a - Magic Dart            Conj           92%        1d7       1%          1
b - Searing Ray           Conj           46%        2d6       2%          2

Your spell library contained the following spells:

 Spells                   Type           Power      Damage    Failure   Level
 Dazzling Flash           Conj/Hex       26%        N/A       14%         3
 Fulminant Prism          Conj/Hex       6%         3d7       43%         4
 Iskenderun's Mystic Bla  Conj/Tloc      13%        2d5       43%         4
 Irradiate                Conj/Tmut      6%         3d13      78%         5
 Blade Hands              Tmut           1%         N/A       98%         5
 Dragon Form              Tmut           1%         N/A       100%        7


Dungeon Overview and Level Annotations

Branches:
Dungeon (4/15)
 Temple: D:4-7

Altars:
Ashenzari
Dithmenos
Fedhas
Hepliaklqana
The Shining One

Annotations:
D:3 Pikel


Innate Abilities, Weirdness & Mutations

You cannot wear most types of armour.
You are amphibious.
You can wear up to eight rings at the same time.
Your skin changes colour to match your surroundings (Stealth+).
Your rubbery body absorbs attacks. (AC +1, EV +1)
((You are camouflaged when in or above water. (Stealth+)))
You have tentacles for arms and can constrict up to eight enemies at once.


Message History

The magic dart hits Pikel but does no damage.
Pikel hits you with a +2 whip of freezing.
Pikel freezes you.
You climb upwards.
There is a stone staircase leading down here.
Casting: Magic Dart (safe; 1% risk of failure)
Confirm with . or Enter, or press ? or * to list all spells.
Aiming: Searing Ray (safe; 2% risk of failure)
Press: ? - help, Shift-Dir - straight line, f - Pikel
Aim: Pikel, wielding a +2 whip of freezing, wearing a +0 robe and carrying a wand of charming (10) (72% to hit)
The searing ray hits Pikel.
Pikel is lightly wounded. (Press . to maintain the ray.) Pikel zaps a wand.
Your will is overpowered!
You are confused.
Pikel hits you with a +2 whip of freezing!
Pikel freezes you.
Unknown command.
It was a potion of flight.
You feel very buoyant.
You fly up into the air.
Pikel closely misses you.
It was a potion of heal wounds.
You feel much better.
Pikel says, "You'll feel the lick of my whip!"
Pikel misses you.
It was a potion of curing.
You feel better. Pikel closely misses you.
Casting: Searing Ray (safe; 2% risk of failure)
Confirm with . or Enter, or press ? or * to list all spells.
Aiming: Searing Ray (safe; 2% risk of failure)
Press: ? - help, Shift-Dir - straight line, f/p - Pikel
Aim: Pikel, wielding a +2 whip of freezing, wearing a +0 robe and carrying a wand of charming (9) (72% to hit)
The searing ray hits Pikel.
Pikel is lightly wounded. (Press . to maintain the ray.) Pikel hits you with a +2 whip of freezing!
Pikel freezes you.
The searing ray misses Pikel.
Pikel hits you with a +2 whip of freezing!
* * * LOW HITPOINT WARNING * * *
Pikel freezes you.
You die...

.#..###...............#.###...#..
.....##...###.#......##.##.......
..........# #.###.#.##...##..####
###.#.#...###.###..##.....##.# #
....#.#............#.......#.# #
#####.........###......_.....####
#####.........###..#.......#.....
+.........##.....K###.....##.....
#######.........@.#.##...###.####
#######.#.##.##...#.###.##.#.# #
.............................# #
#####.#.#.##.##.....#.#.##...# #
# #.#.#.##.##.....#...##...# #
#####.#.#.#.............##...####
#.........##.##(#................
#.###.#.#.##.##.#................
................#...##..##.......


You could see Pikel.

Vanquished Creatures
  A lemure (D:3)
  Jessica (D:3)
  An adder (D:2)
  A worm (D:3)
  2 orcs (D:3)
  5 endoplasms
  3 giant cockroaches
  6 goblins
  3 hobgoblins
  3 quokkas
  7 ball pythons
  6 bats
  4 frilled lizards
  8 kobolds
  4 rats
55 creatures vanquished.

Vanquished Creatures (collateral kills)
  A bat (D:3)
  A kobold (D:3)
2 creatures vanquished.

Grand Total: 57 creatures vanquished

Notes
Turn   | Place    | Note
-------+----------+-------------------------------------------
     0 | D:1      | Ijustatesigmund the Octopode Conjurer began the quest for
                  | the Orb.
     0 | D:1      | Reached XP level 1. HP: 11/11 MP: 3/3
   431 | D:1      | Reached XP level 2. HP: 18/18 MP: 3/5
   434 | D:1      | Learned a level 2 spell: Searing Ray
   454 | D:1      | Found a faded altar of an unknown god.
   729 | D:1      | Reached skill level 1 in Fighting
  1586 | D:2      | Reached XP level 3. HP: 23/23 MP: 4/6
  2588 | D:3      | Noticed Jessica
  2589 | D:3      | Killed Jessica
  2590 | D:3      | Reached XP level 4. HP: 29/29 MP: 4/8
  2653 | D:3      | Found a broken altar of Ashenzari.
  2819 | D:3      | Found a blossoming altar of Fedhas.
  2955 | D:3      | Found a hazy altar of Hepliaklqana.
  2955 | D:3      | Found a glowing golden altar of the Shining One.
  2956 | D:3      | Found a shadowy altar of Dithmenos.
  3610 | D:4      | Noticed Pikel
  3610 | D:4      | Noticed a lemure
  3610 | D:4      | Noticed a lemure
  3610 | D:4      | Noticed a lemure
  3634 | D:3      | Killed a lemure
  3828 | D:3      | Slain by Pikel

Illustrated notes

Levels and vault maps discovered:
D:1:      minmay_arrival_stair_chambers, layout_basic,
          dreamdust_ecumenical_altar_statues
D:2:      layout_loops_ring, kennysheep_generic_room_5
D:3:      layout_basic, gammafunk_temple_overflow_forgotten,
          mainiacjoe_overflow_paths, lemuel_round_altar, grunt_ministairs_4,
          uniq_jessica
D:4:      layout_basic, mainiacjoe_overflow_alcove_4,
          nicolae_kikubaaqudgha_miasma_corner, guppyfry_early_lair_pool,
          uniq_pikel

Skill      XL: |  1  2  3 |
---------------+----------+-----
Fighting       | 1 2 |  2.1
Axes           | |  0.2
Dodging        | |  2.0
Stealth        | |  2.6
Spellcasting   | |  2.9
Conjurations   | |  4.6

Action                     |  1- 3 |  4- 6 || total
---------------------------+-------+-------++-------
  Melee: Staff             |     5 |       ||     5
         Constrict         |     1 |     7 ||     8
         Tentacles         |     1 |     6 ||     7
         War axe           |       |    24 ||    24
   Cast: Magic Dart        |    75 |     3 ||    78
         Searing Ray       |     1 |     4 ||     5
    Use: Scroll            |       |     4 ||     4
         Potion            |       |     3 ||     3
   Stab: Sleeping          |       |     6 ||     6
 Armour: Skin              |     2 |     4 ||     6
  Dodge: Dodged            |     9 |    22 ||    31
